 Dungeon Crawl Stone Soup version 0.30-a0-568-g124715a40b (webtiles) character file.

Game seed: 10305976290925638105

95 bande the Covered (level 4, 0/29 HPs)
             Began as a Gargoyle Fighter on Dec 29, 2022.
             Slain by a hound (3 damage)
             ... on level 3 of the Dungeon.
             The game lasted 00:03:29 (2413 turns).

bande the Covered (Gargoyle Fighter)                Turns: 2413, Time: 00:03:29

Health: 0/29       AC: 16    Str: 20    XL:     4   Next: 66%
Magic:  4/4        EV:  5    Int:  8    God:
Gold:   120        SH:  4    Dex: 11    Spells: 3/3 levels left

rFire   . . .      SeeInvis .    a - +1 war axe
rCold   . . .      Faith    .    c - +0 buckler
rNeg    + . .      Spirit   .    m - +0 plate armour
rPois   ∞          Reflect  .    (no helmet)
rElec   +          Harm     .    (no cloak)
rCorr   .          Rampage  .    (no gloves)
Will    +....                    n - +0 pair of boots Stlth
                                 (no amulet)
HPRegen 0.24/turn                g - ring of willpower
MPRegen 0.09/turn                (no ring)

@: very slow
A: sickness immunity, AC +3, negative energy resistance 1, electricity
resistance, torment resistance 1, petrification resistance
a: no special abilities


You were on level 3 of the Dungeon.
You visited 1 branch of the dungeon, and saw 3 of its levels.

You collected 120 gold pieces.

Inventory:

Hand Weapons
 a - a +1 war axe (weapon)
 j - a +0 flail
Armour
 c - a +0 buckler (worn)
 m - a +0 plate armour (worn)
 n - a +0 pair of boots (worn)
Jewellery
 e - a ring of ice
 f - an amulet of faith
 g - a ring of willpower (left hand)
Scrolls
 i - a scroll of teleportation
Potions
 b - 2 potions of mutation {unknown}
 d - a potion of might
 h - a potion of brilliance
 k - a potion of haste
 l - a potion of flight {unknown}
 p - a potion of resistance


   Skills:
 + Level 4.0 Fighting
 + Level 2.6 Axes
 + Level 4.1 Armour
 + Level 3.9 Shields


You had 3 spell levels left.
You didn't know any spells.
Your spell library was empty.

Dungeon Overview and Level Annotations

Branches:
Dungeon (3/15)

Altars:


Innate Abilities, Weirdness & Mutations

You are immune to sickness and miasma.
Your stone body is resilient. (AC +3)
You are immune to poison.
You resist negative energy. (rN+)
You are resistant to electric shocks. (rElec)
You are resistant to unholy torment.
You are immune to petrification.


Message History

The quokka splashes around in the water.
The hound barely misses you.
The quokka bites you but does no damage.
Your unstable footing causes you to fumble your attack.
The hound bites you but does no damage.
The quokka bites you but does no damage.
You block the hound's attack. The quokka completely misses you.
Your unstable footing causes you to fumble your attack.
The hound bites you.
The quokka splashes around in the water.
The hound bites you.
You slash the quokka!
You kill the quokka!
You barely miss the hound. The hound bites you. x2
* * * LOW HITPOINT WARNING * * *
The hound bites you but does no damage.
Your unstable footing causes you to fumble your attack.
The hound bites you but does no damage. The hound barely misses you.
Your unstable footing causes you to fumble your attack.
The hound bites you but does no damage. The worm barely misses you.
The hound bites you.
* * * LOW HITPOINT WARNING * * *
You hit the worm.
The worm is moderately wounded.
You barely miss the hound. You block the hound's attack.
The worm barely misses you. The hound bites you but does no damage.
You slash the worm!
You kill the worm!
You closely miss the hound. The hound bites you but does no damage.
You block the hound's attack. The hound attacks as you move away!
The hound bites you.
* * * LOW HITPOINT WARNING * * *
The hound splashes around in the water.
Things that are here:
a worm corpse; a quokka corpse The hound splashes around in the water.
You enter the shallow water.
Moving in this stuff is going to be slow.
The hound attacks as you move away! The hound bites you.
You die...

#......†.....#.# #.#
#.....#......#†####.#.#
#.#.....#......#.........
#.......#.#######.#####.#
#####.#####~ ##~# .# #####.#
#~# #.####. #...#.# #~# #~##..
#..# #~# #~##.# # ####.# #@#
#~##.# #.##....# #h# #~##.#
#.......####†# #~##.#
#..#.#.....#r#######~##.#####
...#........##.~~~~.~##.......
...##........#########...###.#
#..##.##......#.#.# #.#####.#
..............#.#.####.##.>.).
#........#.###<......[.##.##.#


You could see a hound and a quokka.

Vanquished Creatures
  4 adders
  A worm (D:3)
  A dart slug (D:1)
  4 orcs
  4 ball pythons
  4 endoplasms
  3 giant cockroaches
  6 goblins
  3 hobgoblins
  3 jackals (D:3)
  3 quokkas
  2 bats
  2 kobolds (D:1)
  7 rats
47 creatures vanquished.

Notes
Turn   | Place    | Note
-------+----------+-------------------------------------------
     0 | D:1      | bande the Gargoyle Fighter began the quest for the Orb.
     0 | D:1      | Reached XP level 1. HP: 14/14 MP: 1/1
   260 | D:1      | Reached XP level 2. HP: 19/19 MP: 2/2
  1285 | D:2      | Reached XP level 3. HP: 21/24 MP: 3/3
  2015 | D:3      | Reached XP level 4. HP: 29/29 MP: 4/4
  2413 | D:3      | Slain by a hound

Illustrated notes

Levels and vault maps discovered:
D:1:      dpeg_arrival_pond, layout_basic
D:2:      layout_loops_cross, dk_noncrumbling_2
D:3:      layout_loops_cross, gup_sewer_entry_spiral,
          corexii_item_surrounded_by_moat

Skill      XL: |  1  2  3  4 |
---------------+-------------+-----
Axes           | 2 |  2.6
Armour         | 4 |  4.1
Fighting       | 4 |  4.0
Shields        | |  3.9

Action                   |  1- 3 |  4- 6 || total
-------------------------+-------+-------++-------
Melee: War axe           |    85 |    53 ||   138
  Use: Scroll            |    10 |     1 ||    11
Armor: Scale mail        |    37 |    13 ||    50
       Plate armour      |       |    46 ||    46
Dodge: Dodged            |    32 |    38 ||    70
Block: Buckler           |    14 |    22 ||    36

Table legend: (Time is in decaauts)
 A = Elapsed time spent in this place.
 B = Non-inter-level travel time spent in this place.
 C = Inter-level travel time spent in this place.
 D = Time resting spent in this place.
 E = Time spent auto-exploring this place.
 F = Levels seen in this place.
 G = Mean time per level.
                   A        B        C        D        E       F      G
               +--------+--------+--------+--------+--------+-----+--------+
         Total |   2481 |   2408 |     73 |    144 |   1748 |   3 |  827.0 |
       Dungeon |   2481 |   2408 |     73 |    144 |   1748 |   3 |  827.0 |
               +--------+--------+--------+--------+--------+-----+--------+

Top non-repeatable levels by time:
     D:1: 1192 daAuts
     D:2: 769 daAuts
     D:3: 520 daAuts
